 Dungeon Crawl Stone Soup version 0.18.1-48-g4cf74bf (webtiles) character file.

135 Alarkh the Poker (level 4, -2/33 HPs)
             Began as a Mummy Skald on Aug 2, 2016.
             Slain by an adder (5 damage)
             ... on level 4 of the Dungeon.
             The game lasted 00:03:45 (2634 turns).

Alarkh the Poker (Mummy Skald)                      Turns: 2634, Time: 00:03:46

Health: -2/33      AC:  4    Str: 15    XL:     4   Next: 97%
Magic:  7/7        EV: 11    Int: 12    God:
Gold:   131        SH:  0    Dex: 11    Spells: 3 memorised, 1 level left

rFire  x . .     SeeInvis .     a - +0 spear
rCold  + . .     Gourm    .     b - +0 leather armour
rNeg   + + +     Faith    .     (no shield)
rPois  ∞         Spirit   .     g - +0 helmet
rElec  .         Dismiss  .     (no cloak)
rCorr  .         Reflect  .     (no gloves)
SustAt .         Harm     .     (no boots)
MR     .....                    (no amulet)
Stlth  +.........               (no ring)
                                (no ring)

@: not resistant to hostile enchantments, very unstealthy
A: no food or potions, fire vulnerability, cold resistance 1, negative energy
resistance 3, torment resistance, unbreathing
a: no special abilities


You were on level 4 of the Dungeon.
You were not hungry.

You visited 1 branch of the dungeon, and saw 4 of its levels.

You collected 131 gold pieces.

Inventory:

Hand Weapons
 a - a +0 spear (weapon)
Armour
 b - a +0 leather armour (worn)
 g - a +0 helmet (worn)
Wands
 l - a wand of teleportation (2/9)
Scrolls
 d - a scroll of amnesia
 e - a scroll of random uselessness {unknown}
 f - 3 scrolls of remove curse
 h - a scroll of blinking {unknown}
 i - a scroll of recharging {unknown}
 j - 2 scrolls of identify {unknown}
 k - a scroll of noise
Books
 c - a book of Battle

   Spells                             Type                      Level
   a - Infusion                       Charms                       1
   b - Shroud of Golubria             Charms/Translocation         2
   c - Song of Slaying                Charms                       2
   d - Spectral Weapon                Hexes/Charms                 3
   e - Regeneration                   Charms/Necromancy            3


   Skills:
 - Level 2.0 Fighting
 + Level 4.3 Polearms
 - Level 0.7 Armour
 - Level 0.7 Dodging
 - Level 2.0 Spellcasting
 - Level 2.4 Charms


You had one spell level left.
You knew the following spells:

 Your Spells              Type           Power        Failure   Level  Hunger
a - Infusion              Chrm           #...         14%         1    N/A
b - Shroud of Golubria    Chrm/Tloc      #.........   34%         2    N/A
c - Spectral Weapon       Hex/Chrm       #.......     69%         3    N/A

Dungeon Overview and Level Annotations

Branches:
Dungeon (4/15)
 Temple: D:4-7

Altars:
Cheibriados
Fedhas
Pakellas
Xom
Zin

Shops:
D:2 }

Annotations:
D:3 dvd's ghost, amateur TrBe


Innate Abilities, Weirdness & Mutations

You do not eat or drink.
Your flesh is vulnerable to fire.
You are immune to poison.
Your flesh is cold resistant.
You are immune to negative energy.
You are immune to unholy pain and torment.
You can survive without breathing.


Message History

You hit the dart slug.
You kill the dart slug!
You see here a dart slug corpse.
Found a stone staircase leading down.
There is a stone staircase leading down here.
You enter the shallow water.
Moving in this stuff is going to be slow.
An adder comes into view.
You hear the quick rusting of a drain.
The adder closely misses you. The adder bites you but does no damage.
You miss the adder. The ogre hits you with a giant club!
* * * LOW HITPOINT WARNING * * *
The adder closely misses you. The adder bites you but does no damage.
The adder barely misses you. The adder bites you.
* * * LOW HITPOINT WARNING * * *
The ogre barely misses you. The adder bites you but does no damage.
The adder bites you but does no damage. The adder bites you.
You die...

### #### ###### #.. #..
####≈≈####≈≈##..#######..
#...##..≈≈≈OS@≈≈≈≈#..#.....#..
+...+..##≈≈####≈≈##..#..[..#..
#...##>.#### ≈#...#.....#..
...#..# #...#.....#.. #.#..#
##..#.....#.. #....#
#.#.#....)#.. #.#.##
##........... #...#
##........#. #†#### ####
##...........


You could see an ogre and an adder.

Vanquished Creatures
  Jessica (D:2)
  5 adders
  A worm (D:4)
  2 dart slugs
  A giant gecko (D:2)
  5 orcs
  5 giant cockroaches
  7 goblins
  3 hobgoblins
  4 jackals (D:1)
  5 kobolds
  A quokka (D:2)
  A ball python (D:1)
  4 bats
  A giant gecko skeleton (D:4)
  2 giant newts (D:1)
  3 rats
51 creatures vanquished.

Notes
Turn   | Place    | Note
--------------------------------------------------------------
     0 | D:1      | Alarkh the Mummy Skald began the quest for the Orb.
     0 | D:1      | Reached XP level 1. HP: 16/16 MP: 3/3
    70 | D:1      | Reached skill level 2 in Polearms
   318 | D:1      | Reached XP level 2. HP: 22/22 MP: 0/5
   697 | D:2      | Found a glowing silver altar of Zin.
   697 | D:2      | Noticed an angel
   698 | D:2      | Found a shimmering altar of Xom.
  1013 | D:2      | Reached XP level 3. HP: 23/27 MP: 1/6
  1097 | D:2      | Reached skill level 3 in Polearms
  1344 | D:2      | Noticed Jessica
  1348 | D:2      | Killed Jessica
  1348 | D:2      | Reached XP level 4. HP: 30/33 MP: 3/7
  1374 | D:2      | Found a snail-covered altar of Cheibriados.
  1443 | D:2      | Found an oddly glowing altar of Pakellas.
  1443 | D:2      | Found Pakellas's Prime Provisions.
  1492 | D:2      | Found a blossoming altar of Fedhas.
  1673 | D:2      | Learned a level 2 spell: Shroud of Golubria
  1677 | D:2      | Learned a level 3 spell: Spectral Weapon
  1973 | D:3      | Noticed dvd's ghost (amateur TrBe)
  2189 | D:3      | Reached skill level 4 in Polearms
  2368 | D:4      | Noticed an ogre
  2634 | D:4      | Slain by an adder

Skill      XL: |  1  2  3  4 |
---------------+-------------+-----
Polearms       | 2 3 4 |  4.3
Fighting       | |  2.0
Armour         | |  0.7
Dodging        | |  0.7
Spellcasting   | |  2.0
Charms         | |  2.4

Action                   |  1- 3 |  4- 6 || total
-------------------------+-------+-------++-------
Melee: Spear             |    91 |   116 ||   207
 Cast: Infusion          |    10 |    11 ||    21
  Use: Scroll            |     2 |     1 ||     3
 Stab: Sleeping          |     2 |       ||     2
Armor: Leather armour    |    25 |    32 ||    57
Dodge: Dodged            |    41 |    62 ||   103
